Map: Ascensão para Aiur LE

Players

TheZergLord

  • Race: Zerg Zerg
  • League: Grandmaster
  • Spawn Location: 11:00

BolinhoFofo - Winner!

  • Race: Protoss Protoss
  • League: Diamond
  • Spawn Location: 5:00

Event: BotH

VOD

Have the link to the VOD?

Description

Time

  • Played on: Aug. 19, 2017, 7:54 p.m.
  • Length: 7:56

All games in this series

Show
View Real Time Build Order
Export as new Build Order

TheZergLord Zerg 

Build Orders: Hatch First 

Get SALT Encoding   

  12  0:01  Drone  
  13  0:12  Overlord  
  13  0:17  Drone  
  14  0:32  Drone x2  
  14  0:34  Drone  
  17  0:52  Hatchery  
  17  0:56  Drone  
  17  1:00  Drone  
  18  1:10  Extractor  
  17  1:15  Spawning Pool  
  17  1:18  Drone  
  17  1:21  Drone  
  18  1:28  Drone  
  19  1:39  Drone  
  20  1:55  Hatchery  
  20  1:56  Drone  
  20  2:04  Queen  
  20  2:07  Zergling x2  
  23  2:12  Metabolic Boost  
  23  2:17  Drone  
  23  2:20  Drone  
  25  2:23  Drone  
  25  2:27  Drone  
  27  2:30  Drone  
  27  2:35  Overlord  
  28  2:42  Overlord  
  28  2:47  Pneumatized Carapace  
  28  2:55  Zergling x4  
  28  2:58  Queen  
  30  3:01  Drone  
  30  3:03  Drone  
  34  3:06  Drone  
  35  3:14  Queen  
  35  3:16  Drone  
  35  3:18  Drone  
  39  3:22  Drone x2  
  39  3:26  Drone  
  42  3:30  Drone x2  
  44  3:36  Overlord  
  44  3:40  Drone x3  
  47  3:41  Drone  
  47  3:46  Evolution Chamber  
  47  3:48  Baneling Nest  
  47  3:50  Drone  
  47  3:53  Overlord  
  47  3:54  Drone  
  48  3:57  Drone  
  48  4:00  Zergling x2  
  50  4:06  Overlord  
  50  4:08  Drone x4  
  54  4:12  Zerg Melee Weapons Level 1  
  54  4:14  Drone x2  
  56  4:22  Zergling x10  
  61  4:24  Spore Crawler  
  61  4:26  Spore Crawler  
  61  4:29  Spore Crawler  
  61  4:30  Zergling x2  
  59  4:42  Zergling x6  
  59  4:43  Zergling x12  
  59  4:45  Zergling x2  
  68  5:00  Overlord  
  68  5:02  Overlord  
  68  5:19  Zergling x2  
  68  5:20  Zergling x12  
  75  5:21  Drone x2  
  75  5:22  Drone x4  
  75  5:27  Lair, Drone  
  82  5:29  Drone  
  82  5:31  Extractor  
  82  5:32  Extractor, Baneling x3  
  82  5:33  Baneling  
  81  5:38  Drone x2  
  81  5:39  Drone x3  
  86  5:47  Drone x2  
  86  5:49  Drone  
  89  5:54  Extractor  
  89  5:56  Extractor, Hatchery  
  86  5:57  Extractor  
  86  6:01  Overlord x2  
  76  6:06  Overlord  
  76  6:07  Queen  
  76  6:09  Drone x2  
  80  6:11  Baneling x2  
  80  6:12  Drone x2  
  80  6:17  Overlord x2  
  82  6:23  Zergling x6  
  82  6:24  Zergling x4  
  87  6:26  Baneling x3  
  87  6:30  Centrifical Hooks  
  86  6:33  Zergling x6, Spine Crawler  
  86  6:34  Spine Crawler  
  86  6:39  Baneling x4  
  87  6:41  Zergling x4  
  87  6:42  Zergling x6, Spine Crawler  
  73  7:02  Zergling x2  
  73  7:03  Zergling x14  
  71  7:14  Zergling x10  
  71  7:15  Zergling x6  
  52  7:27  Zergling x10  
  57  7:30  Zergling x2  
  57  7:35  Zergling x2  
  58  7:38  Zergling x4  
Show
View Real Time Build Order
Export as new Build Order

BolinhoFofo Protoss - Winner!

Build Orders: 1 Gate Expand, Zealot Archon 

Get SALT Encoding   

  12  0:01  Probe (Chrono Boost)  
  13  0:12  Probe (Chrono Boost)  
  14  0:17  Pylon  
  14  0:22  Probe (Chrono Boost)  
  16  0:35  Probe (Chrono Boost)  
  16  0:38  Gateway  
  16  0:46  Probe (Chrono Boost)  
  16  0:47  Assimilator  
  17  0:56  Probe (Chrono Boost)  
  18  1:07  Probe (Chrono Boost)  
  19  1:20  Nexus  
  19  1:24  Probe (Chrono Boost)  
  20  1:34  Cybernetics Core  
  20  1:39  Probe (Chrono Boost)  
  21  1:44  Assimilator  
  21  1:49  Probe (Chrono Boost)  
  21  1:54  Pylon  
  22  2:00  Probe (Chrono Boost)  
  23  2:12  Adept (Chrono Boost)  
  23  2:13  Mothership Core (Chrono Boost)  
  27  2:22  Warp Gate  
  27  2:32  Probe x2 (Chrono Boost)  
  29  2:40  Adept  
  29  2:42  Probe (Chrono Boost)  
  29  2:43  Probe (Chrono Boost)  
  33  2:48  Twilight Council  
  33  2:53  Probe x2 (Chrono Boost)  
  35  3:00  Pylon  
  35  3:03  Probe (Chrono Boost)  
  35  3:04  Probe (Chrono Boost)  
  37  3:14  Probe x2 (Chrono Boost)  
  37  3:19  Robotics Facility  
  39  3:25  Probe x2 (Chrono Boost)  
  39  3:26  Assimilator  
  41  3:30  Assimilator  
  41  3:35  Probe (Chrono Boost)  
  41  3:36  Probe (Chrono Boost)  
  41  3:38  Gateway  
  43  3:44  Gateway  
  43  3:46  Gateway  
  43  3:50  Gateway  
  43  3:52  Probe (Chrono Boost)  
  43  3:54  Probe (Chrono Boost)  
  45  4:01  Probe (Chrono Boost)  
  46  4:04  Probe (Chrono Boost)  
  46  4:05  Warp Prism (Chrono Boost)  
  49  4:13  Templar Archives  
  49  4:15  Probe  
  49  4:16  Pylon  
  49  4:19  Probe  
  51  4:27  Probe  
  51  4:29  Blink (Chrono Boost)  
  52  4:31  Probe  
  52  4:37  Pylon  
  53  4:41  Probe  
  54  4:54  Nexus  
  54  4:56  Pylon  
  54  5:07  High Templar  
  54  5:08  High Templar x3  
  54  5:13  Immortal  
  62  5:14  Archon  
  62  5:16  Archon  
  66  5:26  Probe x2  
  68  5:30  Gateway  
  68  5:32  Gateway  
  68  5:35  Pylon  
  68  5:38  Probe  
  68  5:40  Stalker x3  
  68  5:41  Sentry  
  77  5:44  Pylon  
  77  5:47  Pylon  
  77  6:07  Stalker x3  
  77  6:09  Stalker  
  77  6:11  Probe  
  86  6:12  Probe  
  87  6:23  Probe  
  87  6:24  Probe x2  
  89  6:26  Gateway  
  90  6:35  Probe x2  
  90  6:36  Probe  
  90  6:38  Stalker x4  
  101  6:40  Sentry x2  
  101  7:07  Stalker x3  
  101  7:08  Stalker x3  
  103  7:13  Probe  
  103  7:15  Probe x2  
  106  7:17  Assimilator  
  106  7:19  Pylon  
  100  7:22  Assimilator  
  100  7:24  Probe  
  100  7:27  Probe x2  
  103  7:31  Stalker x4  
  103  7:32  Stalker  
  103  7:34  Probe  
  103  7:35  Stalker  
  116  7:40  Probe x2  
Tags
 
Add a new tag
Caveats
  • Supply blocks, unpowered buildings, or Contaminate may cause inaccurate times.
  • Supply counts are checked every 10 seconds.